 Dungeon Crawl Stone Soup version 0.27.1-1-g398f81649c (webtiles) character file.

Game seed: 2326062167697508566

954 Naeght the Cleaver (level 7, -6/66 HPs)
             Began as a Minotaur Fighter on Sept 4, 2021.
             Mangled by a killer bee (8 damage)
             ... on level 6 of the Dungeon on Sept 6, 2021.
             The game lasted 00:08:17 (4341 turns).

Naeght the Cleaver (Minotaur Fighter)               Turns: 4341, Time: 00:08:17

Health: -6/66      AC:  6    Str: 27    XL:     7   Next: 90%
Magic:  6/6        EV:  8    Int:  9    God:
Gold:   288        SH: 10    Dex:  9    Spells: 6/6 levels left

rFire    + . .     SeeInvis .   a - +0 war axe
rCold    . . .     Faith    .   c - +0 kite shield
rNeg     . . .     Spirit   .   u - +0 ring mail of Ogoluacu {Str+4 Int+4}
rPois    .         Reflect  .   (helmet restricted)
rElec    .         Harm     .   (no cloak)
rCorr    .         Rampage  .   w - +0 pair of gloves
Will     .....                  (no boots)
Stlth    ..........             (no amulet)
HPRegen  0.21/turn              h - ring of protection from fire
MPRegen  0.10/turn              p - +4 ring of slaying

@: lethally poisoned (-6 -> -10), studying Conjurations
A: horns 2, retaliatory headbutt
a: no special abilities


You were on level 6 of the Dungeon.
You visited 1 branch of the dungeon, and saw 6 of its levels.

You collected 288 gold pieces.

Inventory:

Hand Weapons
 a - a +0 war axe (weapon)
Missiles
 g - 23 poisoned darts (quivered)
 j - a throwing net
Armour
 c - a +0 kite shield (worn)
 u - the +0 ring mail of Ogoluacu (worn) {Str+4 Int+4}
   (You found it on level 5 of the Dungeon)

   Str:       It affects your strength (+4).
   Int:       It affects your intelligence (+4).
 w - a +0 pair of gloves (worn)
Jewellery
 h - a ring of protection from fire (left hand)
 i - a ring of resist corrosion
 p - a +4 ring of slaying (right hand)
Scrolls
 b - a scroll of teleportation {unknown}
 l - a scroll of enchant weapon {unknown}
 m - a scroll of noise {unknown}
 n - 4 scrolls of identify {unknown}
 o - a scroll of magic mapping {unknown}
 q - a scroll of immolation {unknown}
 v - a scroll of enchant armour {unknown}
Potions
 d - a potion of might
 e - 2 potions of degeneration {unknown}
 f - 2 potions of heal wounds {unknown}
 k - 5 potions of curing {unknown}
 r - a potion of resistance {unknown}
 s - a potion of berserk rage {unknown}
 t - 2 potions of haste {unknown}


   Skills:
 + Level 7.2 Fighting
 * Level 9.2 Axes
 - Level 3.6 Armour
 - Level 3.6 Shields


You had 6 spell levels left.
You didn't know any spells.
Your spell library contained the following spells:

 Spells                   Type           Power      Damage    Failure   Level
 Animate Skeleton         Necr           0%         N/A       95%         1
 Foxfire                  Conj/Fire      0%         2x1d4     95%         1
 Magic Dart               Conj           0%         1d3       95%         1
 Pain                     Necr           0%         1d4       95%         1
 Searing Ray              Conj           0%         3d3       98%         2
 Conjure Flame            Conj/Fire      0%         6-21      100%        3
 Inner Flame              Hex/Fire       0%         N/A       100%        3
 Vampiric Draining        Necr           0%         2d6       100%        3
 Fulminant Prism          Conj/Hex       0%         3d6       100%        4


Dungeon Overview and Level Annotations

Branches:
Dungeon (6/15)             Temple (0/1) D:4

Altars:
Makhleb
Okawaru

Annotations:
D:3 2 transporters


Innate Abilities, Weirdness & Mutations

You have a pair of horns on your head.
You reflexively headbutt those who attack you in melee.


Message History

The electric eel shoots out a bolt of lightning at you!
The bolt of electricity hits you.
The electric eel shoots out a bolt of lightning at you!
The bolt of electricity misses you.
You hear an angry buzzing noise.
A white imp is nearby!
The white imp hits you. The white imp freezes you.
You slash the white imp! You headbutt the white imp.
You kill the white imp! 2 killer bees come into view.
The killer bee buzzes angrily. x2
A killer bee comes into view.
The killer bee moves out of view.
You block the killer bee's attack. x2
You slash the killer bee! Your headbutt misses the killer bee.
The killer bee is almost dead.
The killer bee stings you.
* * * LOW HITPOINT WARNING * * *
You are poisoned.
The killer bee poisons you!
Your shield prevents you from hitting the killer bee.
Your headbutt misses the killer bee.
The killer bee is almost dead.
You feel very sick.
The killer bee stings you but does no damage.
The killer bee stings you.
* * * LOW HITPOINT WARNING * * *
The killer bee barely misses you. You furiously retaliate!
You headbutt the killer bee.
A killer bee comes into view.
The killer bee stings you but does no damage.
You block the killer bee's attack.
Okay, then.
Okay, then.
You feel sick.
The killer bee buzzes angrily.
You hear an angry buzzing noise.
You feel sick. The killer bee barely misses you. The killer bee stings you!
* * * LOW HITPOINT WARNING * * *
The killer bee stings you!
You die...

#.##............###≈
#. #...........#^.. #
#| #.........#.#.⌠.
≈#.⌠ #.
#...........#... ≈≈#..
#.
#............###≈≈≈≈##
########.......≈≈≈≈≈≈.
####>..##....;≈≈≈≈≈
#..........###≈y≈≈#
...######@y#...# .#
#yy#.⌠.# #.y#...#
#...###≈..≈#
#...........
#............
#############


You could see 4 killer bees and an electric eel.

Vanquished Creatures
  A water moccasin (D:5)
  2 ogres
  2 phantoms (D:5)
  A scorpion (D:4)
  A water moccasin zombie (D:5)
  A water moccasin skeleton (D:4)
  A hound (D:5)
  A jelly (D:5)
  2 bullfrog skeletons (D:6)
  An orc priest (D:4)
  An iguana (D:4)
  An orc wizard (D:3)
  A killer bee zombie (D:6)
  A hound skeleton (D:4)
  A howler monkey skeleton (D:5)
  3 adders
  3 white imps
  2 dart slugs (D:2)
  11 orcs
  5 ball pythons
  6 endoplasms
  2 giant cockroaches
  6 goblins
  2 hobgoblins (D:1)
  2 quokkas
  4 bats
  A frilled lizard (D:1)
  3 kobolds
  11 rats
79 creatures vanquished.

Notes
Turn   | Place    | Note
-------+----------+-------------------------------------------
     0 | D:1      | Naeght the Minotaur Fighter began the quest for the Orb.
     0 | D:1      | Reached XP level 1. HP: 19/19 MP: 0/0
   209 | D:1      | Reached skill level 3 in Axes
   242 | D:1      | Reached XP level 2. HP: 27/27 MP: 1/1
   778 | D:2      | Found an iron altar of Okawaru.
   894 | D:2      | Upgraded the game from 0.27.1 to 0.27.1-1-g398f81649c
   995 | D:2      | Reached XP level 3. HP: 33/33 MP: 2/2
  1367 | D:3      | Reached skill level 4 in Axes
  1378 | D:3      | Found a faded altar of an unknown god.
  1414 | D:3      | Reached XP level 4. HP: 31/41 MP: 3/3
  1498 | D:3      | Found a transporter.
  1863 | D:3      | Found a transporter.
  2136 | D:4      | Found a staircase to the Ecumenical Temple.
  2237 | D:4      | Reached skill level 5 in Axes
  2237 | D:4      | Reached XP level 5. HP: 42/47 MP: 4/4
  2287 | D:4      | Reached skill level 5 in Fighting
  2287 | D:4      | Reached skill level 6 in Axes
  2661 | D:4      | Reached XP level 6. HP: 24/56 MP: 5/5
  3036 | D:5      | Entered Level 5 of the Dungeon
  3085 | D:5      | Reached skill level 7 in Axes
  3354 | D:5      | Found a burning altar of Makhleb.
  3468 | D:5      | Identified the +0 ring mail of Ogoluacu {Str+4 Int+4}
  3548 | D:5      | Reached XP level 7. HP: 50/64 MP: 6/6
  3554 | D:5      | Reached skill level 8 in Axes
  4214 | D:6      | Reached skill level 9 in Axes
  4341 | D:6      | HP: 2/66 [killer bee (7)]
  4341 | D:6      | Mangled by a killer bee

Illustrated notes

Levels and vault maps discovered:
D:1:      pf_arrival_petrified_forest, layout_loops_ring
D:2:      layout_basic, basic_altar, fountainhead, minmay_rat_gold_closets
D:3:      gammafunk_steamed_eel, layout_loops_ring,
          ebering_ecumenical_altar_sacrificial, kennysheep_decorative_pillar
D:4:      layout_basic, minmay_temple_entry_from_below_b
D:5:      layout_loops_ring, mainiacjoe_overflow_boulevard
D:6:      layout_rooms, nicolae_qazlal_general_emergency, fountainhead,
          bh_walls_and_bars

Skill      XL: |  1  2  3  4  5  6  7 |
---------------+----------------------+-----
Axes           | 3 4 5 6 7 9 |  9.2
Fighting       | 4 5 6 7 |  7.2
Armour         | |  3.6
Shields        | |  3.6

Action                   |  1- 3 |  4- 6 |  7- 9 || total
-------------------------+-------+-------+-------++-------
Melee: War axe           |    78 |    84 |    44 ||   206
       Headbutt          |     7 |    14 |     8 ||    29
Armor: Scale mail        |    35 |    25 |       ||    60
       Ring mail         |       |       |    14 ||    14
Dodge: Dodged            |    28 |    19 |    14 ||    61
Block: Kite shield       |    39 |    40 |    24 ||   103
